 Dungeon Crawl Stone Soup version 0.32-a0-871-ge202e49faa (webtiles) character file.

Game seed: 5214314805463032158

255 bmack86 the Chopper (level 5, -5/45 HPs)
             Began as a Minotaur Fighter on Mar 29, 2024.
             Slain by an ogre
             ... wielding a +0 giant spiked club
              (20 damage)
             ... on level 4 of the Dungeon.
             The game lasted 00:06:36 (2351 turns).

bmack86 the Chopper (Minotaur Fighter)              Turns: 2351, Time: 00:06:37

Health: -5/45      AC: 12    Str: 23    XL:     5   Next: 91%
Magic:  4/4        EV:  7    Int:  5    God:
Gold:   214        SH:  4    Dex:  9    Spells: 4/4 levels left

rFire   + . .        a - +0 war axe
rCold   . . .        c - +0 buckler
rNeg    . . .        u - +0 chain mail
rPois   .            (helmet restricted)
rElec   .            r - +0 cloak
rCorr   +            (no gloves)
SInv    .            m - +1 pair of boots
Will    .....        v - amulet of regeneration Stlth
                     h - ring of resist corrosion
HPRegen 1.07/turn    l - ring of protection from fire
MPRegen 0.09/turn

%: no passive effects
@: no status effects
A: horns 2, retaliatory headbutt
a: no special abilities


You were on level 4 of the Dungeon.
You visited 1 branch of the dungeon, and saw 4 of its levels.

You collected 214 gold pieces.

Inventory:

Hand Weapons
 a - a +0 war axe (weapon)
Missiles
 k - 2 javelins (quivered)
Armour
 b - a +0 scale mail
 c - a +0 buckler (worn)
 m - a +1 pair of boots (worn)
 r - a +0 cloak (worn)
 u - a +0 chain mail (worn)
Jewellery
 f - an amulet of the acrobat
 h - a ring of resist corrosion (left hand)
 l - a ring of protection from fire (right hand)
 p - a ring of ice
 t - an amulet of faith
 v - an amulet of regeneration (around neck)
Wands
 o - a wand of paralysis (8)
Scrolls
 g - a scroll of poison
 i - 6 scrolls of teleportation
 n - a scroll of amnesia {unknown}
 s - a scroll of immolation
Potions
 d - 2 potions of might
 e - a potion of lignification
 j - a potion of haste
 q - a potion of resistance
 w - a potion of cancellation {unknown}


   Skills:
 - Level 3.6 Fighting
 + Level 6.7 Axes
 - Level 3.6 Armour
 - Level 5.0 Shields


You had 4 spell levels left.
You didn't know any spells.
Your spell library contained the following spells:

 Spells                   Type           Power      Damage    Failure   Level
 Apportation              Tloc           0%         N/A       98%         1
 Jinxbite                 Hex            0%         N/A       99%         2
 Alistair's Intoxication  Alch           0%         N/A       100%        5


Dungeon Overview and Level Annotations

Branches:
Dungeon (4/15)
 Temple: D:4-7

Altars:
Uskayaw

Annotations:
D:4 1 transporter, Ruich's ghost, amateur MiDe


Innate Abilities, Weirdness & Mutations

You have a pair of horns on your head.
You reflexively headbutt those who attack you in melee.


Message History

A goblin comes into view. It is wielding a +0 dagger.
The goblin shouts!
You see here 9 gold pieces.
You now have 199 gold pieces (gained 9).
You closely miss the goblin.
The goblin hits you but does no damage. x2
You slash the goblin!
You kill the goblin!
Things that are here:
a +0 dagger; a goblin corpse
Found a sling.
You see here a +0 sling.
You now have 214 gold pieces (gained 15).
A ball python comes into view.
The ball python hisses angrily.
You hear a shout!
An ogre comes into view. It is wielding a +0 giant spiked club.
You hear a shout!
You hit the ball python. Your headbutt misses the ball python.
The ball python is moderately wounded.
The ball python bites you but does no damage.
The ball python grabs you. The ball python constricts you.
The ball python bites you but does no damage.
The ball python constricts you.
You barely miss the ball python. Your headbutt misses the ball python.
The ball python is moderately wounded.
The ball python bites you. The ball python constricts you.
You escape the ball python's grasp.
The ball python bites you but does no damage.
You block the ball python's attack.
You slash the ball python!
You kill the ball python!
You slash the ogre!
The ogre is moderately wounded.
The ogre hits you with a +0 giant spiked club!
You slash the ogre!
The ogre is heavily wounded.
The ogre hits you with a +0 giant spiked club!!
You hit the ogre. You headbutt the ogre!
The ogre is almost dead.
The ogre hits you with a +0 giant spiked club!!
You die...

#####
....$.###########
......O@........#
......####.####.#
............###.##
......####.......#
... ##.###..# ..
#.# #..# . #.#
#..# #.# #..# #.#
#..#


You could see an ogre.

Vanquished Creatures
  2 hounds (D:4)
  Robin (D:3)
  8 adders
  2 dart slugs
  2 ribbon worms
  An orc (D:3)
  7 ball pythons
  7 endoplasms
  3 giant cockroaches (D:1)
  15 goblins
  12 hobgoblins
  6 jackals
  8 kobolds
  A quokka (D:1)
  10 bats
  4 frilled lizards
  7 rats
96 creatures vanquished.

Notes
Turn   | Place    | Note
-------+----------+-------------------------------------------
     0 | D:1      | bmack86 the Minotaur Fighter began the quest for the Orb.
     0 | D:1      | Reached XP level 1. HP: 19/19 MP: 0/0
   114 | D:1      | Reached XP level 2. HP: 26/26 MP: 1/1
   154 | D:1      | Reached skill level 3 in Axes
   508 | D:1      | Reached XP level 3. HP: 28/31 MP: 2/2
   911 | D:2      | Reached skill level 5 in Shields
  1173 | D:2      | Reached skill level 4 in Axes
  1173 | D:2      | Reached XP level 4. HP: 39/39 MP: 3/3
  1633 | D:3      | Found a hide-covered altar of Uskayaw.
  1709 | D:3      | Reached skill level 5 in Axes
  1740 | D:3      | Identified the +0 dagger "Zifalit" {pain, *Slow rCorr Str+4
                  | Int+2}
  1768 | D:3      | Noticed Robin
  1781 | D:3      | Killed Robin
  1782 | D:3      | Reached XP level 5. HP: 25/45 MP: 4/4
  2227 | D:4      | Reached skill level 6 in Axes
  2238 | D:4      | Found a transporter.
  2242 | D:4      | Noticed Ruich's ghost (amateur MiDe)
  2339 | D:4      | Noticed an ogre
  2351 | D:4      | Slain by an ogre

Illustrated notes

Levels and vault maps discovered:
D:1:      minmay_arrival_arboretum_small, layout_basic, minmay_pentomino_v2
D:2:      layout_loops_ring
D:3:      layout_basic, nicolae_overflow_crystal_walls, uniq_robin
D:4:      layout_loops_ring, gammafunk_ghost_stat_death

Skill      XL: |  1  2  3  4  5 |
---------------+----------------+-----
Shields        | 4 5 |  5.0
Axes           | 3 4 5 6 |  6.7
Fighting       | |  3.6
Armour         | |  3.6

Action                     |  1- 3 |  4- 6 || total
---------------------------+-------+-------++-------
  Melee: War axe           |    89 |    90 ||   179
         Headbutt          |     6 |    10 ||    16
  Throw: Javelin           |     1 |       ||     1
    Use: Scroll            |     3 |     4 ||     7
 Armour: Scale mail        |    40 |    43 ||    83
         Chain mail        |       |    50 ||    50
  Dodge: Dodged            |    70 |    72 ||   142
  Block: Buckler           |    30 |    30 ||    60

Table legend: (Time is in decaauts)
 A = Elapsed time spent in this place.
 B = Non-inter-level travel time spent in this place.
 C = Inter-level travel time spent in this place.
 D = Time resting spent in this place.
 E = Time spent auto-exploring this place.
 F = Levels seen in this place.
 G = Mean time per level.
                   A        B        C        D        E       F      G
               +--------+--------+--------+--------+--------+-----+--------+
         Total |   2407 |   2371 |     36 |     17 |   1490 |   4 |  601.8 |
       Dungeon |   2407 |   2371 |     36 |     17 |   1490 |   4 |  601.8 |
               +--------+--------+--------+--------+--------+-----+--------+

Top non-repeatable levels by time:
     D:1: 860 daAuts
     D:3: 691 daAuts
     D:2: 643 daAuts
     D:4: 212 daAuts
